 Dungeon Crawl Stone Soup version 0.29.0-13-gc9e81de378 (webtiles) character file.

Game seed: 5605913826006641421

80 Pomfy the Cudgeller (level 4, 0/66 HPs)
             Began as a Troll Berserker on Sept 9, 2022.
             Was a Believer of Trog.
             Slain by a gnoll
             ... wielding a +0 whip
             ... led by a gnoll bouda
              (9 damage)
             ... on level 3 of the Dungeon.
             The game lasted 00:06:06 (785 turns).

Pomfy the Cudgeller (Troll Berserker)                Turns: 785, Time: 00:06:07

Health: 0/66       AC:  4    Str: 27    XL:     4   Next: 18%
Magic:  3/3        EV: 10    Int:  3    God:    Trog [**....]
Gold:   64         SH:  0    Dex:  9    Spells: 3/3 levels left

rFire   . . .      SeeInvis .   a - +0 mace
rCold   . . .      Faith    .   (no shield)
rNeg    . . .      Spirit   .   b - +0 animal skin
rPois   .          Reflect  .   (helmet restricted)
rElec   .          Harm     .   (no cloak)
rCorr   .          Rampage  .   (gloves unavailable)
Will    .....                   (boots unavailable)
Stlth   ..........              (no amulet)
HPRegen 1.01/turn               (no ring)
MPRegen 0.08/turn               (no ring)

@: berserking (expiring), very quick
A: large, unfitting armour, claws 3, regeneration 1, shaggy fur 1, tough skin 1
a: Renounce Religion, Berserk, Trog's Hand


You were on level 3 of the Dungeon.
You worshipped Trog.
Trog was pleased with you.
You visited 1 branch of the dungeon, and saw 3 of its levels.

You collected 64 gold pieces.

Inventory:

Hand Weapons
 a - a +0 mace (weapon)
Missiles
 i - 4 large rocks (quivered)
Armour
 b - a +0 animal skin (worn)
 c - a +0 ring mail
Scrolls
 f - a scroll of enchant armour {unknown}
 h - a scroll of teleportation {unknown}
Potions
 d - a potion of brilliance {unknown}
 e - a potion of haste {unknown}
 g - a potion of attraction {unknown}


   Skills:
 + Level 2.9 Fighting
 + Level 3.7 Maces & Flails
 + Level 3.0 Dodging


You had 3 spell levels left.
You didn't know any spells.
Your spell library contained the following spells:

 Spells                   Type           Power      Damage    Failure   Level
 Blade Hands              Tmut           0%         N/A       100%        5
 Irradiate                Conj/Tmut      0%         3d11      100%        5
 Dragon Form              Tmut           0%         N/A       100%        7


Dungeon Overview and Level Annotations

Branches:
Dungeon (3/15)

Altars:


Innate Abilities, Weirdness & Mutations

You are too large for most types of armour.
You have claws for hands.
Your natural rate of healing is unusually fast.
You are covered in fur. (AC +1)
You have tough skin. (AC +1)


Message History

The gnoll is no longer moving quickly.
The gnoll bouda gazes fiercely through you!
You feel your attacks grow feeble.
A red film seems to cover your vision as you go berserk!
You feel yourself moving faster!
You feel mighty! The gnoll hits you with a +0 whip.
* * * LOW HITPOINT WARNING * * *
You hit the gnoll.
The gnoll is moderately wounded.
The gnoll hits you with a +0 whip.
* * * LOW HITPOINT WARNING * * *
You hit the gnoll.
The gnoll is severely wounded.
The gnoll hits you with a +0 whip.
* * * LOW HITPOINT WARNING * * *
You hit the gnoll.
You kill the gnoll!
Trog accepts your kill. The gnoll barely misses you.
You thump the gnoll!
The gnoll is severely wounded.
The gnoll hits you with a +0 whip.
* * * LOW HITPOINT WARNING * * *
The endoplasm freezes you.
You are frozen.
* * * LOW HITPOINT WARNING * * *
You hit the gnoll.
The gnoll is almost dead.
The gnoll closely misses you.
The endoplasm hits you but does no damage.
You closely miss the gnoll.
The gnoll is almost dead.
Your attacks no longer feel as feeble.
The gnoll hits you with a +0 whip.
* * * LOW HITPOINT WARNING * * *
You barely miss the gnoll.
The gnoll is almost dead.
The endoplasm hits you but does no damage.
The gnoll hits you with a +0 whip!
You die...

.#.#. #####.....
####.....# #
###..(..>.####.#.
##......#.#.......
#.......#.†......#
####..............
#.Jgg..........:.#
#@##......#.......
###g#..#...######...
#<.g...#.#.# ..
#...#..#.#.# 8
#...#....#.#
##..##.###.#
#.....#... ..#
#####... #. ####.#.#


You could see a gnoll bouda, 3 gnolls and an endoplasm.

Vanquished Creatures
  2 gnolls
  4 dart slugs
  A bat (D:2)
  3 endoplasms
  6 giant cockroaches
  3 goblins
  8 hobgoblins
  3 jackals (D:2)
  3 kobolds
  3 quokkas
  4 ball pythons
  3 frilled lizards
  3 rats (D:2)
46 creatures vanquished.

Notes
Turn   | Place    | Note
-------+----------+-------------------------------------------
     0 | D:1      | Pomfy the Troll Berserker began the quest for the Orb.
     0 | D:1      | Reached XP level 1. HP: 22/22 MP: 0/0
   101 | D:1      | Reached XP level 2. HP: 22/29 MP: 1/1
   279 | D:2      | Reached XP level 3. HP: 36/36 MP: 2/2
   336 | D:2      | Reached ** piety under Trog
   744 | D:3      | Reached XP level 4. HP: 43/44 MP: 3/3
   785 | D:3      | Slain by a gnoll

Illustrated notes

Levels and vault maps discovered:
D:1:      tarquinn_simple_flora_water_c, layout_basic, chequers_garden
D:2:      layout_basic, hellmonk_ecumenical_altar_prayer_group
D:3:      minmay_general_purpose_star, layout_basic, zin_statuary,
          kennysheep_generic_room_15, uniq_jessica, uniq_sigmund,
          uniq_crazy_yiuf_cottage

Skill      XL: |  1  2  3  4 |
---------------+-------------+-----
Maces & Flails | 3 |  3.7
Dodging        | 3 |  3.0
Fighting       | |  2.9

Action                   |  1- 3 |  4- 6 || total
-------------------------+-------+-------++-------
Melee: Mace              |   132 |    14 ||   146
Invok: Berserk           |     1 |     1 ||     2
  Use: Scroll            |     2 |       ||     2
Armor: Animal skin       |    51 |     3 ||    54
Dodge: Dodged            |    87 |    13 ||   100
